 Dungeon Crawl Stone Soup version 0.27-a0-1548-gf8a67e7463 (webtiles) character file.

Game seed: 697366819551545411

1 Lemonice the Covert (level 1, -3/23 HPs)
             Began as a Gnoll Delver on July 14, 2021.
             Slain by an ufetubus (4 damage)
             ... summoned by Eustachio
             ... on level 5 of the Dungeon.
             The game lasted 00:00:21 (28 turns).

Lemonice the Covert (Gnoll Delver)                    Turns: 28, Time: 00:00:21

Health: -3/23      AC:  3    Str: 11    XL:     1   Next: 20%
Magic:  1/1        EV: 13    Int:  9    God:
Gold:   6          SH:  0    Dex: 13    Spells: 0/0 levels left

rFire    . . .     SeeInvis .   a - +0 falchion
rCold    . . .     Faith    .   (no shield)
rNeg     . . .     Spirit   .   b - +0 leather armour
rPois    .         Reflect  .   (no helmet)
rElec    .         Harm     .   (no cloak)
rCorr    .         Rampage  .   (no gloves)
Will     .....                  (no boots)
Stlth    ++++......             (no amulet)
HPRegen  0.07/turn              (no ring)
MPRegen  0.07/turn              (no ring)

@: no status effects
A: fangs 1, strong nose, distributed training
a: no special abilities


You were on level 5 of the Dungeon.
You visited 1 branch of the dungeon, and saw 1 of its levels.

You collected 6 gold pieces.

Inventory:

Hand Weapons
 a - a +0 falchion (weapon)
Armour
 b - a +0 leather armour (worn)
Wands
 g - a wand of digging (3)
Scrolls
 c - a scroll of fog
 e - a scroll of fear
Potions
 f - a potion of haste


   Skills:
 + Level 6.4 Fighting
 + Level 0.0 Short Blades
 + Level 4.4 Long Blades
 + Level 0.0 Axes
 + Level 0.0 Maces & Flails
 + Level 0.0 Polearms
 + Level 0.0 Staves
 + Level 0.0 Slings
 + Level 0.0 Bows
 + Level 0.0 Crossbows
 + Level 0.0 Throwing
 + Level 0.0 Armour
 + Level 4.4 Dodging
 + Level 9.5 Stealth
 + Level 0.0 Shields
 + Level 0.0 Unarmed Combat
 + Level 0.0 Spellcasting
 + Level 0.0 Conjurations
 + Level 0.0 Hexes
 + Level 0.0 Summonings
 + Level 0.0 Necromancy
 + Level 0.0 Translocations
 + Level 0.0 Transmutations
 + Level 0.0 Fire Magic
 + Level 0.0 Ice Magic
 + Level 0.0 Air Magic
 + Level 0.0 Earth Magic
 + Level 0.0 Poison Magic
 + Level 0.0 Invocations
 + Level 0.0 Evocations


You couldn't memorise any spells.
You didn't know any spells.
Your spell library was empty.

Dungeon Overview and Level Annotations

Branches:
Dungeon (5/15)
 Temple: D:4-7

Altars:

Shops:
D:5 ?(

Annotations:
D:5 Dowan, Eustachio


Innate Abilities, Weirdness & Mutations

You have very sharp teeth.
Your uncanny sense of smell can sniff out nearby items.
Your experience applies equally to all skills.


Message History

You feel aware of your surroundings.
You sensed 5 shops/portals.
Found 19 stones.
Found a stone staircase leading down.
You now have 6 gold pieces.
You see here 19 bolts.
Dowan, Brother of Duvessa comes into view.
He is wielding a +0 dagger and wearing a +2 robe of willpower.
Found a tubular diamond ring.
Found Xufec's Antique Weapon Boutique.
Found a scroll labelled FUFUME EROEP.
A quokka comes into view.
A white imp and Eustachio come into view.
Eustachio is wielding a +0 falchion and carrying a wand of flame (16).
Found a scroll labelled AGYDAICIMM.
Found 4 silver javelins.
A hound skeleton comes into view.
Found Fepemy's Magic Scroll Shop.
Found an escape hatch in the ceiling.
An orc comes into view. It is wielding a +0 mace.
Found a viscous dark potion.
Found a stone staircase leading up.
Eustachio shouts!
The white imp shouts, "Flee, thou odious weather-bitten clotpole!"
The orc shouts!
You hear a shout!
The quokka closely misses you.
You riposte.
You hit the quokka.
You kill the quokka!
Eustachio hits you with a +0 falchion.
You barely miss Eustachio. Your bite misses Eustachio.
The hound skeleton bites you but does no damage.
Eustachio mumbles some strange words.
The white imp gestures at you. The puff of frost misses you.
The puff of frost hits the ufetubus.
The ufetubus resists.
You barely miss Eustachio. The ufetubus hits you.
The ufetubus hits you but does no damage.
The hound skeleton bites you.
Eustachio zaps a wand.
The puff of flame hits you.
The white imp shouts, "Out, out, thou loggerheaded earth-vexing frater!"
The white imp barely misses you.
Unknown command.
You hit Eustachio but do no damage. The ufetubus completely misses you.
The ufetubus closely misses you. The hound skeleton misses you.
The iron imp closely misses you. Eustachio hits you with a +0 falchion!
* * * LOW HITPOINT WARNING * * *
The ufetubus hits you.
You die...

*,,,*** **,,,,,,,,,,,,,
***,..** **,,...,,,*,****
**#...* *,∆,...,*,*,,**,
*,....#* *,,....,*,,,,,,,
*,*#8..#* *,.....,,,,,,,,,
*,##....#* *#...(.,,,,,,,,,
*,8.∩.8..###......,,*,,,,,,
***#<....5.55?....,**,,,,,,
*8,#..Z@@.o....,,,,,,,,,
*,,###5#.......,*,,,,,,,
**** #...#.....,,,,*,,,,
#.#.#*....*****,,,,
#.#...,.!<****,,,,,
#.####.......e.,,,, #.#
**∩........,,,,
#.#**,.........,,,,
#.#*,,#........,,,,


You could see Eustachio, an iron imp (summoned), a quasit (summoned), a white
imp, an orc, an ufetubus (summoned) and a hound skeleton.

Vanquished Creatures
  A quokka (D:5)
1 creature vanquished.

Notes
Turn   | Place    | Note
-------+----------+-------------------------------------------
     0 | D:5      | Reached skill level 9 in Stealth
     0 | D:5      | Lemonice the Gnoll Delver began the quest for the Orb.
     0 | D:5      | Reached XP level 1. HP: 23/23 MP: 1/1
     7 | D:5      | Noticed Dowan
     8 | D:5      | Found Xufec's Antique Weapon Boutique.
    21 | D:5      | Noticed Eustachio
    24 | D:5      | Found Fepemy's Magic Scroll Shop.
    27 | D:5      | Noticed an iron imp
    27 | D:5      | Noticed a quasit
    28 | D:5      | HP: 1/23 [Eustachio (8)]
    28 | D:5      | Slain by an ufetubus

Illustrated notes

Levels and vault maps discovered:
D:5:      layout_rooms, serial_shops, nicolae_shop_statue_plus,
          nicolae_shop_overgrown_old_shop, nicolae_shop_trees, shop,
          nicolae_shop_waterfront, uniq_eustachio, uniq_duvessa

Skill      XL: | |
---------------+-+-----
Stealth        | |  9.5
Fighting       | |  6.4
Long Blades    | |  4.4
Dodging        | |  4.4

Action                   || total
-------------------------++-------
Melee: Falchion          ||     3
  Use: Scroll            ||     1
Armor: Leather armour    ||     2
Dodge: Dodged            ||     7
       Rpst.: Falchion   ||     1

Table legend: (Time is in decaauts)
 A = Elapsed time spent in this place.
 B = Non-inter-level travel time spent in this place.
 C = Inter-level travel time spent in this place.
 D = Time resting spent in this place.
 E = Time spent auto-exploring this place.
 F = Levels seen in this place.
 G = Mean time per level.
                   A        B        C        D        E       F      G
               +--------+--------+--------+--------+--------+-----+--------+
         Total |     28 |     28 |      0 |      0 |      0 |   1 |   28.0 |
       Dungeon |     28 |     28 |      0 |      0 |      0 |   1 |   28.0 |
               +--------+--------+--------+--------+--------+-----+--------+

Top non-repeatable levels by time:
     D:5: 28 daAuts
